 Dungeon Crawl Stone Soup version 0.30.1-11-g7821555f0a (webtiles) character file.

Game seed: 16155561723927247158

18529 groovy9 the Severer (level 12, 0/106 HPs)
             Began as a Minotaur Fighter on Jan 11, 2024.
             Was a Believer of Makhleb.
             Slain by turdburglar's ghost (14 damage)
             ... on level 2 of the Orcish Mines.
             The game lasted 00:36:55 (12776 turns).

groovy9 the Severer (Minotaur Fighter)             Turns: 12776, Time: 00:36:55

Health: 0/106      AC: 22    Str: 26    XL:     12   Next: 28%
Magic:  12/12      EV:  7    Int:  5    God:    Makhleb [**....]
Gold:   218        SH:  5    Dex: 13    Spells: 11/11 levels left

rFire   . . .        I - +2 battleaxe (flame)
rCold   . . .        (shield currently unavailable)
rNeg    + + .        n - +3 plate armour {rN+}
rPois   .            (helmet restricted)
rElec   .            q - +0 cloak
rCorr   .            E - +0 pair of gloves {Dex+3}
SInv    +            D - +0 pair of boots
Will    .....        k - amulet of reflection Stlth
                     o - ring of positive energy
HPRegen 0.37/turn    e - ring of see invisible
MPRegen 0.13/turn

%: reflection
@: mighty
A: horns 2, retaliatory headbutt, wild magic 1
a: Renounce Religion, Minor Destruction


You were on level 2 of the Orcish Mines.
You worshipped Makhleb.
Makhleb was pleased with you.
You visited 3 branches of the dungeon, and saw 14 of its levels.
You also visited: Ossuary.

You collected 1610 gold pieces.
You spent 1392 gold pieces at shops.

Inventory:

Hand Weapons
 I - a +2 battleaxe of flaming (weapon)
Missiles
 v - 2 throwing nets (quivered)
Armour
 n - a +3 plate armour of positive energy (worn)
 q - a +0 cloak (worn)
 D - a +0 pair of boots (worn)
 E - a +0 pair of gloves of dexterity (worn)
Jewellery
 b - a ring of flight
 e - a ring of see invisible (right hand)
 k - an amulet of reflection (around neck)
 o - a ring of positive energy (left hand)
 G - a ring of protection from cold
Wands
 f - a wand of paralysis (3)
 i - a wand of roots (8)
 p - a wand of flame (14)
Scrolls
 c - a scroll of poison
 g - 2 scrolls of fear
 h - a scroll of blinking
 j - 9 scrolls of teleportation
 l - a scroll of identify
 m - 6 scrolls of immolation
 r - 2 scrolls of brand weapon
 s - a scroll of fog
 t - 3 scrolls of magic mapping
 B - a scroll of torment
 C - a scroll of enchant armour
Potions
 d - a potion of lignification
 u - 3 potions of curing
 w - 2 potions of attraction
 x - 3 potions of heal wounds
 A - 5 potions of flight
 F - 3 potions of ambrosia
 H - 2 potions of brilliance
Miscellaneous
 a - a condenser vane


   Skills:
 + Level 10.3 Fighting
 * Level 19.3 Axes
 + Level 10.9 Armour
 - Level 3.6 Shields
 * Level 1.5 Invocations


You had 11 spell levels left.
You didn't know any spells.
Your spell library was empty.

Dungeon Overview and Level Annotations

Branches:
Dungeon (11/15)            Temple (1/1) D:7            Lair (0/5) D:10
    Orc (2/2) D:9             Elf (0/3) Orc:2       Ossuary (visited)

Altars:
Ashenzari
Cheibriados
Dithmenos
Elyvilon
Fedhas
Gozag
Hepliaklqana
Kikubaaqudgha
Makhleb
Nemelex Xobeh
Okawaru
Qazlal
Ru
Sif Muna
Trog
Uskayaw
Vehumet
Wu Jian
Xom
Yredelemnul
Zin
The Shining One

Shops:
D:2 (   D:7 =[[*   D:11 *   Orc:1 *   Orc:2 [!(

Annotations:
Orc:2 turdburglar's ghost, journeyman TrFi


Innate Abilities, Weirdness & Mutations

You have a pair of horns on your head.
You reflexively headbutt those who attack you in melee.
Your spells are a little harder to cast, but a little more powerful.


Message History

Turdburglar's ghost hits you but does no damage.
You hit turdburglar's ghost but do no damage.
Turdburglar's ghost says, "I was once a great warrior, and I still am!"
Turdburglar's ghost hits you!!
You completely miss turdburglar's ghost.
You block turdburglar's ghost's attack.
You closely miss turdburglar's ghost. You hit turdburglar's ghost.
You burn turdburglar's ghost.
You headbutt turdburglar's ghost, but do no damage.
Turdburglar's ghost is lightly damaged.
Turdburglar's ghost hits you!
You miss turdburglar's ghost.
Your headbutt misses turdburglar's ghost.
Turdburglar's ghost is lightly damaged.
Turdburglar's ghost hits you!!
You are too injured to fight recklessly!
You feel much better. Turdburglar's ghost hits you!!
You feel very mighty all of a sudden. Turdburglar's ghost hits you!!
* * * LOW HITPOINT WARNING * * *
You feel much better. Turdburglar's ghost hits you!
* * * LOW HITPOINT WARNING * * *
You are too injured to fight recklessly!
You are too injured to fight recklessly!
You slice turdburglar's ghost!! You burn turdburglar's ghost.
Turdburglar's ghost is lightly damaged.
You barely miss turdburglar's ghost.
Turdburglar's ghost is lightly damaged.
Turdburglar's ghost hits you!
* * * LOW HITPOINT WARNING * * *
You hit turdburglar's ghost but do no damage.
You headbutt turdburglar's ghost.
Turdburglar's ghost is moderately damaged.
Turdburglar's ghost says, "What do you have that I didn't have?"
Turdburglar's ghost hits you.
* * * LOW HITPOINT WARNING * * *
You hit turdburglar's ghost. You burn turdburglar's ghost.
Turdburglar's ghost is moderately damaged.
Turdburglar's ghost hits you!
You die...

#.........#..#.....#
#...........#.)...#
##...........#.....#
##....#.......###)###
##.........)....)))...
#..........))).###'##.
#.........)..).#....#
###'''###......#....#
#(...@8.##.).).#∩...#
#..(..W.#......######
#....!..#.....†......
#((.....#...#........
###...?.(.#..##########
### ##.#########).#
#.### ###........)...##
####
....###..............#
##.#.
.....##.####.####....#
#....


You could see turdburglar's ghost.

Vanquished Creatures
  2 boulder beetles (D:11)
  A two-headed ogre (Orc:2)
  Lodul (D:10)
  5 orc knights
  2 orc sorcerers (Orc:2)
  A gargoyle (D:11)
  A kobold demonologist (D:11)
  An unseen horror (D:11)
  2 komodo dragons (D:10)
  3 trolls
  A hornet (D:8)
  Grinder (D:4)
  Sigmund (D:4)
  2 shadows
  A wraith (D:10)
  3 wyverns
  4 yaks (D:11)
  Eustachio (D:4)
  3 steam dragons
  7 vampire mosquitoes
  7 wargs
  Duvessa (D:4)
  3 water moccasins
  23 orc warriors
  2 black bears
  3 centaurs
  9 ogres
  A phantom (D:6)
  A kobold brigand (D:9)
  Blork the orc (D:6)
  4 gnoll sergeants
  3 scorpions
  5 wights
  Dowan (D:4)
  5 killer bees (D:10)
  13 howler monkeys
  5 centaur zombies (Ossuary)
  4 bullfrog zombies (Ossuary)
  A lava snake (D:11)
  8 orc priests
  A jelly (D:4)
  A gnoll bouda (D:5)
  6 hounds
  A sleepcap (D:5)
  4 iguanas
  9 orc wizards
  An ogre zombie (Ossuary)
  24 gnolls
  6 adders
  A white imp (D:6)
  2 ufetubi
  2 adder zombies (Ossuary)
  3 worms
  4 dart slugs
  67 orcs
  4 endoplasms
  7 giant cockroaches
  4 hobgoblins
  4 jackals (D:1)
  3 quokkas
  7 ball pythons
  5 bats
  4 frilled lizards
  3 gnoll zombies (Ossuary)
  A goblin (D:3)
  3 goblin zombies (Ossuary)
  13 kobolds
  An orc zombie (Ossuary)
  6 rats
340 creatures vanquished.

Vanquished Creatures (others)
  A basilisk (D:10)
1 creature vanquished.

Grand Total: 341 creatures vanquished

Notes
Turn   | Place    | Note
-------+----------+-------------------------------------------
     0 | D:1      | groovy9 the Minotaur Fighter began the quest for the Orb.
     0 | D:1      | Reached XP level 1. HP: 19/19 MP: 0/0
   105 | D:1      | Reached XP level 2. HP: 27/27 MP: 1/1
   264 | D:1      | Reached skill level 3 in Axes
   591 | D:1      | Reached XP level 3. HP: 26/33 MP: 2/2
   891 | D:2      | Found Curenosch's Weapon Shop.
  2185 | D:3      | Reached skill level 4 in Axes
  2711 | D:4      | Gained mutation: Your spells are a little harder to cast,
                  | but a little more powerful. [potion of mutation]
  2767 | D:4      | Reached XP level 4. HP: 37/41 MP: 3/3
  2811 | D:4      | Noticed a water moccasin
  2822 | D:4      | Killed a water moccasin
  2823 | D:4      | Reached skill level 5 in Axes
  2823 | D:4      | Reached XP level 5. HP: 25/47 MP: 1/4
  2935 | D:4      | Reached skill level 6 in Axes
  2935 | D:4      | Reached skill level 5 in Armour
  2956 | D:4      | Noticed Grinder
  2963 | D:4      | Killed Grinder
  2964 | D:4      | Reached skill level 7 in Axes
  2964 | D:4      | Reached XP level 6. HP: 52/55 MP: 5/5
  2987 | D:4      | Noticed Duvessa
  2987 | D:4      | Noticed Dowan
  2998 | D:4      | Killed Duvessa
  2999 | D:4      | Reached skill level 5 in Fighting
  2999 | D:4      | Reached XP level 7. HP: 61/61 MP: 6/6
  3005 | D:4      | Killed Dowan
  3015 | D:4      | Found a shimmering altar of Xom.
  3050 | D:4      | Noticed Eustachio
  3054 | D:4      | Killed Eustachio
  3055 | D:4      | Reached skill level 8 in Axes
  3270 | D:4      | Noticed Sigmund
  3274 | D:4      | Identified the +0 helmet "Fakhluna" {Will+}
  3280 | D:4      | Killed Sigmund
  3584 | D:4      | Found a sacrificial altar of Ru.
  3584 | D:4      | Found a white marble altar of Elyvilon.
  3584 | D:4      | Found a basalt altar of Yredelemnul.
  3635 | D:5      | Entered Level 5 of the Dungeon
  3664 | D:5      | Reached skill level 9 in Axes
  3675 | D:5      | Reached XP level 8. HP: 46/69 MP: 3/7
  4642 | D:6      | Reached skill level 10 in Axes
  4943 | D:6      | Noticed Blork the orc
  4949 | D:6      | Reached skill level 11 in Axes
  4957 | D:6      | Killed Blork the orc
  4958 | D:6      | Reached XP level 9. HP: 43/78 MP: 8/8
  5292 | D:6      | Found an iron altar of Okawaru.
  5541 | D:7      | Found Qysoask's Assorted Antiques.
  5544 | D:7      | You fall into a shaft and drop 3 floors!
  5544 | D:10     | Entered Level 10 of the Dungeon
  5712 | D:9      | Reached skill level 12 in Axes
  5877 | D:9      | Found a staircase to the Orcish Mines.
  6377 | D:8      | Reached skill level 13 in Axes
  6605 | D:8      | Reached XP level 10. HP: 84/86 MP: 3/9
  6734 | D:8      | Reached skill level 14 in Axes
  6740 | D:8      | Found a sand-covered staircase.
  6755 | Ossuary  | Entered an ossuary
  7047 | D:8      | Found a hide-covered altar of Uskayaw.
  7057 | D:7      | Found Zigigoimn's Antique Armour Shop.
  7138 | D:7      | Found a staircase to the Ecumenical Temple.
  7147 | Temple   | Entered the Ecumenical Temple
  7266 | D:7      | Found Ufuubeur's Antique Armour Boutique.
  7279 | D:7      | Found Malaistru's Jewellery Shop.
  7440 | D:7      | Bought a pair of runed gloves for 180 gold pieces
  7911 | D:9      | Reached skill level 15 in Axes
  8365 | Orc:1    | Entered Level 1 of the Orcish Mines
  8365 | Orc:1    | Noticed an orc knight
  8375 | D:9      | Killed an orc knight
  8385 | Orc:1    | Found Nunaug's Gadget Gallery.
  8674 | D:2      | Bought a +2 battleaxe of flaming for 331 gold pieces
  9218 | D:10     | Found a blossoming altar of Fedhas.
  9227 | D:10     | Noticed Lodul
  9245 | D:10     | Reached skill level 16 in Axes
  9257 | D:10     | Killed Lodul
  9261 | D:10     | Reached XP level 11. HP: 69/95 MP: 10/10
  9624 | D:10     | Found a staircase to the Lair.
  9834 | D:10     | Found a burning altar of Makhleb.
  9841 | D:10     | Became a worshipper of Makhleb the Destroyer
 10482 | D:11     | Reached skill level 17 in Axes
 10482 | D:11     | Reached skill level 10 in Armour
 10514 | D:11     | Noticed a boulder beetle
 10530 | D:11     | Killed a boulder beetle
 10688 | D:11     | Reached * piety under Makhleb
 10699 | D:11     | Found Meuclos's Assorted Antiques.
 10707 | D:11     | Bought a scroll labelled COABBO FOR BAG for 29 gold pieces
 10707 | D:11     | Bought a scroll of identify for 58 gold pieces
 10755 | D:11     | Noticed a boulder beetle
 10785 | D:11     | Killed a boulder beetle
 11274 | D:11     | Reached skill level 18 in Axes
 11555 | D:7      | Bought a glowing plate armour for 494 gold pieces
 11648 | Orc:2    | Entered Level 2 of the Orcish Mines
 11648 | Orc:2    | Noticed a two-headed ogre
 11661 | Orc:2    | Killed a two-headed ogre
 11741 | Orc:2    | Found a staircase to the Elven Halls.
 11756 | Orc:2    | Noticed an orc sorcerer
 11758 | Orc:2    | Noticed a sun demon
 11764 | Orc:2    | Killed an orc sorcerer
 11856 | Orc:2    | Noticed an orc sorcerer
 11858 | Orc:2    | Paralysed by an orc sorcerer for 3 turns
 11865 | Orc:2    | Noticed a soul eater
 11866 | Orc:2    | Killed an orc sorcerer
 11866 | Orc:2    | Reached ** piety under Makhleb
 11918 | Orc:2    | Noticed an orc knight
 11919 | Orc:2    | Found Ezxo's Antique Armour Boutique.
 11931 | Orc:2    | Killed an orc knight
 11932 | Orc:2    | Reached skill level 10 in Fighting
 11936 | Orc:2    | Reached XP level 12. HP: 80/106 MP: 11/11
 12147 | Orc:2    | Found a runed translucent gate.
 12147 | Orc:2    | Found a runed translucent gate.
 12206 | Orc:2    | Reached skill level 19 in Axes
 12218 | Orc:2    | HP: 4/106 [orc warrior/+0 glaive (21)]
 12219 | Orc:2    | Found a runed translucent gate.
 12221 | Orc:2    | Noticed turdburglar's ghost (journeyman TrFi)
 12550 | Orc:2    | Reached skill level 1 in Invocations
 12634 | Orc:2    | Found Faohast's Distillery.
 12634 | Orc:2    | Found Guid's Weapon Shop.
 12646 | Orc:2    | Bought a potion of heal wounds for 60 gold pieces
 12646 | Orc:2    | Bought a potion of heal wounds for 60 gold pieces
 12646 | Orc:2    | Bought 3 potions of heal wounds for 180 gold pieces
 12776 | Orc:2    | Slain by turdburglar's ghost

Illustrated notes

Levels and vault maps discovered:
D:1:      minmay_arrival_up_and_down, layout_basic
D:2:      layout_basic, serial_shops, shop, kennysheep_nondescript,
          kennysheep_generic_room_4
D:3:      minmay_wonky_spiral, layout_loops_ring
D:4:      layout_basic, lemuel_tele_altar, gammafunk_temple_overflow_claw,
          uniq_duvessa, uniq_eustachio, uniq_sigmund, uniq_grinder
D:5:      layout_gridville
D:6:      layout_basic, hellmonk_okawaru_the_only_friend_you_need,
          kennysheep_small_square, uniq_blork_the_orc
D:7:      layout_rooms, minmay_temple_entry_mist, serial_shops, shop,
          shop_fountains, nicolae_square_shop, nicolae_diamond_shop
D:8:      layout_rooms, mainiacjoe_overflow_surrounded_room,
          lightli_ossuary_entry_decrepit_ruins, special_room [special_room_orc],
          minivault_23
D:9:      layout_gridville, david_orc_1_choice, chequers_serial_rivers_micro_c
D:10:     layout_basic, amcnicky_altar_gilded, lemuel_round_altar,
          erik_lair_dragon, uniq_lodul
D:11:     layout_small_grid, serial_shops, shop, kennysheep_pointless_box,
          statue_in_the_mist_lemuel
Temple:   nicolae_temple_ecumenical_triangle
Orc:1:    layout_caves, nicolae_shop_gadgets
Orc:2:    st_orc_town, layout_diamond_mine, ebering_ghost_rock_garden,
          serial_shops, nicolae_shop_trees, mines1_david

Skill      XL: |  1  2  3  4  5  6  7  8  9 10 11 12 |
---------------+-------------------------------------+-----
Fighting       | 4 5 6 7 8 10 | 10.3
Armour         | 4 5 6 7 8 9 10 | 10.9
Axes           | 3 4 5 7 9 11 13 16 18 19 | 19.3
Invocations    | 1 |  1.5
Shields        | |  3.6

Action                     |  1- 3 |  4- 6 |  7- 9 | 10-12 || total
---------------------------+-------+-------+-------+-------++-------
  Melee: War axe           |   103 |    20 |   190 |       ||   313
         Headbutt          |    15 |     1 |    38 |    84 ||   138
         Battleaxe         |       |       |    72 |   433 ||   505
    Use: Scroll            |     8 |       |     3 |     9 ||    20
         Potion            |     4 |     3 |     3 |     8 ||    18
 Armour: Scale mail        |    25 |       |       |       ||    25
         Chain mail        |    20 |     5 |    91 |       ||   116
         Plate armour      |       |       |    11 |   186 ||   197
  Dodge: Dodged            |    44 |    13 |    70 |   106 ||   233
  Block: Buckler           |    16 |     3 |    61 |       ||    80
         Reflection        |       |       |     2 |     2 ||     4
         Other             |       |       |    18 |    71 ||    89
